 Dungeon Crawl Stone Soup version 0.26-a0-546-g3c2127501a (webtiles) character file.

Game seed: 17948237767519694937

(classic levelgen) 40709 EnegeticOcto the Severer (level 13, -5/115 HPs)
             Began as a Deep Dwarf Fighter on Aug 19, 2020.
             Was the Champion of Uskayaw.
             Killed from afar by a nagaraja (12 damage)
             ... with a poison arrow
             ... on level 4 of the Snake Pit.
             The game lasted 00:26:50 (3798 turns).

EnegeticOcto the Severer (Deep Dwarf Fighter)       Turns: 3798, Time: 00:26:50

Health: -5/115     AC: 29    Str: 28    XL:     13   Next: 76%
Magic:  1/11       EV:  4    Int:  9    God:    Uskayaw [******]
Gold:   39         SH: 14    Dex: 18    Spells: 12/12 levels left

rFire    . . .     SeeInvis .   E - +3 war axe
rCold    . . .     Faith    +   c - +1 kite shield
rNeg     + + .     Spirit   .   r - +10 plate armour {ponderous}
rPois    .         Reflect  .   (no helmet)
rElec    .         Harm     .   (no cloak)
rCorr    .                      (no gloves)
MR       ++...                  B - +2 pair of boots "Luifomn" {rN++ Str+3 Stlth-}
Stlth    ..........             H - amulet of faith
HPRegen  0.00/turn              G - ring of protection from magic
MPRegen  0.12/turn              a - +6 ring of dexterity

@: mighty, lethally poisoned (-5 -> -79), non-regenerating, constricted,
studying Armour, slow
A: damage resistance, heal wounds, sense surroundings 2, no regeneration
a: Heal Wounds, Stomp, Line Pass, Grand Finale, Renounce Religion


You were on level 4 of the Snake Pit.
You worshipped Uskayaw.
Uskayaw was pleased with you.
You visited 4 branches of the dungeon, and saw 17 of its levels.
You also visited: Ossuary and Ice Cave.

You collected 559 gold pieces.
You spent 520 gold pieces at shops.

Inventory:

Hand Weapons
 E - a +3 war axe (weapon)
Armour
 b - a +0 scale mail
 c - a +1 kite shield (worn)
 n - a +0 plate armour
 r - a +10 plate armour of ponderousness (worn)
 B - the +2 pair of boots "Luifomn" (worn) {rN++ Str+3 Stlth-}
   (You acquired it on level 10 of the Dungeon)

   It affects your strength (+3).
   It greatly protects you from negative energy.
   It makes you less stealthy.
Jewellery
 a - a +6 ring of dexterity (right hand)
 i - an uncursed ring of fire
 t - an uncursed ring of positive energy
 z - an uncursed ring of stealth
 G - a ring of protection from magic (left hand)
 H - an amulet of faith (around neck)
Wands
 k - a wand of random effects (25)
 A - a wand of iceblast (5) {@v2}
 D - a wand of digging (8) {@v3}
 I - a wand of acid (4) {@v1}
Scrolls
 f - 5 scrolls of identify {@r1}
 l - 4 scrolls of remove curse {@r2}
 s - 2 scrolls of noise
 y - 3 scrolls of teleportation {@r3 !r}
 F - a scroll of magic mapping {@r5 !r}
 J - a scroll of enchant weapon
Potions
 d - a potion of might {@q3 !q}
 e - 2 potions of flight
 g - a potion of haste {@q4 !q}
 h - 2 potions of invisibility
 m - 2 potions of degeneration
 o - 3 potions of curing {@q1 !q}
 p - 4 potions of ambrosia
 q - a potion of cancellation
 u - 4 potions of heal wounds {@q2 !q}
 v - a potion of brilliance
 w - a potion of resistance
 x - a potion of stabbing {@q5 !q}
Books
 C - a manual of Armour
Miscellaneous
 j - a lightning rod (4/4)


   Skills:
 + Level 7.5 Fighting
 - Level 16.0 Axes
 - Level 14.0 Armour
 + Level 9.0 Shields
 + Level 14.4 Invocations
 - Level 6.0 Evocations


You had 12 spell levels left.
You didn't know any spells.
Your spell library was empty.

Dungeon Overview and Level Annotations

Branches:
Dungeon (10/15)            Temple (1/1) D:6            Lair (2/6) D:10
  Snake (4/4) Lair:2      Ossuary (visited)           IceCv (visited)
  Swamp: Lair:2-4    Shoals: Lair:2-4       Orc: D:9-12

Altars:
Cheibriados
Dithmenos
Elyvilon
Fedhas
Hepliaklqana
Kikubaaqudgha
Nemelex Xobeh
Okawaru
Qazlal
Sif Muna
Trog
Uskayaw
Vehumet
Wu Jian
Xom
Yredelemnul
Zin

Shops:
Snake:1 }}=


Innate Abilities, Weirdness & Mutations

You are resistant to damage.
You can heal yourself by infusing magical energy.
You passively map the area around you.
You do not regenerate.


Message History

The naga hits you but does no damage.
The nagaraja gestures wildly while chanting.
The nagaraja seems to speed up.
The naga warrior hits you from afar with a +0 trident.
You barely miss the nagaraja.
The nagaraja is almost dead.
You slash the nagaraja! You hit the nagaraja. You miss the shock serpent.
You slash the naga!
You kill the naga!
You slash the naga sharpshooter! You hit the naga warrior.
You feel very sick.
The naga mage gestures at you while chanting.
You block the lance of force.
The nagaraja hits you but does no damage.
The nagaraja constricts you. You block the shock serpent's attack.
The nagaraja spits poison at you. The splash of poison hits you. You resist.
The naga sharpshooter spits poison at you.
The splash of poison hits you. You resist.
The naga warrior hits you with a +0 dire flail.
You slash the shock serpent!
The shock serpent is lightly wounded.
You hit the nagaraja.
The shock serpent's electric aura discharges, shocking you!
You resist.
You slash the nagaraja! You slash the naga warrior!
You completely miss the naga sharpshooter.
You barely miss the nagaraja.
* * * LOW HITPOINT WARNING * * *
You feel very sick. You block the naga mage's attack.
The nagaraja hits you but does no damage.
The shock serpent bites you but does no damage.
The nagaraja hits you but does no damage.
The nagaraja constricts you. The naga spits poison at you.
The splash of poison hits you but does no damage.
You resist.
A naga comes into view. It is wielding a +0 halberd.
The nagaraja barely misses you. You block the naga warrior's attack.
The naga hits you but does no damage.
The naga sharpshooter shoots an arrow.
The arrow hits you but does no damage. The naga mage spits poison at you.
The splash of poison hits you but does no damage.
You are more poisoned.
You resist.
Your magical essence is drained by the effort!
You feel much better.
The sentinel's mark upon you fades away.
You feel very sick.
The shock serpent bites you but does no damage.
The nagaraja points at you and mumbles some strange words.
You resist with almost no effort. The nagaraja constricts you.
The naga warrior barely misses you. The naga hits you but does no damage.
You block the naga mage's attack. You block the naga warrior's attack.
The shock serpent bites you! The shock serpent shocks you. You resist.
The naga completely misses you. You block the nagaraja's attack.
The nagaraja constricts you.
You slash the nagaraja!
The nagaraja is moderately wounded.
You closely miss the shock serpent. You slash the naga warrior!
You hit the naga warrior but do no damage.
You hit the naga warrior. You slash the nagaraja!
You kill the nagaraja!
Your Shields skill increases to level 9!
You closely miss the nagaraja.
Your resistance to elements expires.
* * * LOW HITPOINT WARNING * * *
You feel very sick. You block the naga mage's attack.
The nagaraja hits you but does no damage.
The nagaraja grabs you. The nagaraja constricts you.
The naga warrior spits poison at you.
The splash of poison hits you but does no damage.
You are lethally poisoned!
The shock serpent bites you but does no damage.
A naga comes into view. It is wielding a +0 halberd.
The naga hits you but does no damage.
The naga warrior hits you from afar with a +0 trident!
* * * LOW HITPOINT WARNING * * *
You slice the nagaraja!!
The nagaraja is moderately wounded.
You hit the naga warrior.
You hit the naga warrior but do no damage.
You slash the naga warrior! You slash the shock serpent!
The shock serpent's electric aura discharges, shocking you!
* * * LOW HITPOINT WARNING * * *
You completely miss the nagaraja.
* * * LOW HITPOINT WARNING * * *
You feel very sick.
A naga warrior comes into view. It is wielding a -2 scimitar.
You block the naga mage's attack. The naga hits you but does no damage.
The shock serpent bites you but does no damage.
The nagaraja spits poison at you.
The splash of poison hits you but does no damage.
You are more poisoned.
The nagaraja constricts you.
The nagaraja points at you and mumbles some strange words.
The poison arrow hits you!
You are more poisoned.
You die...

, , ,,, , ,.. * *,
,* * , ,, ., * , ,
**, . , , **.# #.,
, #N#... * ,.,
####N..... * ,,
...#####.N.......,
* ,
...SSNSNNN.......
,,...NSNN@)N.....##
#.NNNNN)N†..####
,.N.NNN..##### ** ,
.NN######


NNN *, ,. ,, *, , * * * You could see 8 naga warriors, 3 nagarajas, a naga
sharpshooter (catching breath), a shock serpent, a mana viper, 2 black mambas, 2
naga magi and 11 nagas.

Vanquished Creatures
  Vashnia (Snake:2)
  3 nagarajas
  A frost giant (IceCv)
  4 naga warriors
  A catoblepas (Lair:2)
  2 anacondas
  3 shock serpents
  4 naga sharpshooters
  2 salamander mystics (Snake:3)
  3 naga ritualists
  2 mana vipers
  5 salamanders (Snake:3)
  2 guardian serpents
  3 naga magi
  12 black mambas
  An ice statue (IceCv)
  2 komodo dragons
  A rime drake (Lair:2)
  2 ice devils (Lair:1)
  A hornet (D:10)
  15 polar bears (IceCv)
  2 hippogriffs (D:9)
  12 yaks
  A basilisk (Lair:1)
  16 nagas
  3 water moccasins
  An ice beast (D:9)
  3 orc warriors
  A sky beast (D:7)
  2 black bears
  4 necrophages (D:10)
  An ogre (D:4)
  12 wolves (IceCv)
  A crocodile (Lair:1)
  An elf zombie (Ossuary)
  Blork the orc (D:5)
  A big kobold (D:9)
  2 bullfrogs
  A scorpion (D:7)
  2 wights (D:10)
  2 howler monkeys
  3 bullfrog zombies
  A gnoll shaman (D:6)
  2 human zombies (Ossuary)
  5 orc priests
  5 hounds
  7 orc wizards
  A centaur skeleton (D:10)
  2 iguanas (D:9)
  3 worker ants
  3 hound zombies (Ossuary)
  A hound skeleton (D:4)
  5 mummies
  A worker ant zombie (D:5)
  4 gnolls (D:6)
  9 adders
  2 shadow imps (D:6)
  3 white imps
  2 ufetubi (D:6)
  An ooze (D:1)
  An adder skeleton (D:5)
  2 adder zombies (Ossuary)
  2 worms
  2 dart slugs
  A leopard gecko (D:1)
  21 orcs
  3 ball pythons
  A giant cockroach (D:4)
  A gnoll zombie (Ossuary)
  2 goblins
  A quokka (D:5)
  3 bats (D:1)
  5 frilled lizards
  A hobgoblin zombie (Ossuary)
  9 kobolds
  2 orc zombies (Ossuary)
  A quokka skeleton (D:6)
  3 rats (D:1)
260 creatures vanquished.

Vanquished Creatures (others)
  A plant (D:10)
1 creature vanquished.

Grand Total: 261 creatures vanquished

Notes
Turn   | Place    | Note
-------+----------+-------------------------------------------
     0 | D:1      | EnegeticOcto the Deep Dwarf Fighter began the quest for the
                  | Orb.
     0 | D:1      | Reached XP level 1. HP: 20/20 MP: 1/1
    41 | D:1      | Reached skill level 3 in Axes
    71 | D:1      | Reached XP level 2. HP: 22/27 MP: 2/2
   216 | D:3      | Reached skill level 4 in Axes
   216 | D:3      | Reached XP level 3. HP: 23/33 MP: 3/3
   220 | D:3      | Reached XP level 4. HP: 25/40 MP: 4/4
   225 | D:3      | Reached skill level 5 in Axes
   258 | D:4      | Found a shimmering blue altar of Sif Muna.
   520 | D:4      | Noticed an ogre
   534 | D:4      | Killed an ogre
   534 | D:4      | Reached skill level 6 in Axes
   534 | D:4      | Reached XP level 5. HP: 46/46 MP: 5/5
   550 | D:4      | Found a shimmering altar of Xom.
   562 | D:4      | Became a worshipper of Xom of Chaos
   600 | D:4      | Reached skill level 7 in Axes
   600 | D:4      | Reached XP level 6. HP: 51/55 MP: 6/6
   666 | D:5      | Entered Level 5 of the Dungeon
   688 | D:5      | Found a basalt altar of Yredelemnul.
   717 | D:5      | XOM: silly message
   765 | D:5      | Noticed Blork the orc
   774 | D:5      | Killed Blork the orc
   863 | D:7      | Found a sand-covered staircase.
   868 | Ossuary  | XOM: stealth player
   868 | Ossuary  | Entered an ossuary
   890 | Ossuary  | Reached skill level 8 in Axes
   891 | Ossuary  | Reached XP level 7. HP: 53/61 MP: 7/7
  1005 | Ossuary  | Your magical essence is drained by the effort!
  1010 | Ossuary  | XOM: divination: detect creatures
  1061 | D:7      | Found a shimmering blue altar of Sif Muna.
  1090 | D:7      | Reached skill level 9 in Axes
  1093 | D:7      | XOM: divination: detect creatures
  1140 | D:7      | XOM: divination: detect creatures
  1147 | D:7      | Found a stormy altar of Qazlal.
  1173 | D:6      | XOM: summons 4 hostile demons
  1174 | D:6      | Noticed an orange demon
  1174 | D:6      | Noticed a red devil
  1183 | D:5      | Your magical essence is drained by the effort!
  1193 | D:5      | Your magical essence is drained by the effort!
  1291 | D:5      | Found a hazy altar of Hepliaklqana.
  1451 | D:4      | XOM: confusion
  1452 | D:4      | XOM: cast spell 'Disjunction'
  1546 | D:6      | Reached skill level 10 in Axes
  1558 | D:6      | Reached XP level 8. HP: 52/68 MP: 5/5
  1570 | D:6      | XOM: enchant monster (good)
  1629 | D:6      | XOM: 2-stop teleportation journey
  1717 | D:7      | Reached skill level 11 in Axes
  2151 | D:6      | XOM: cloud trail
  2248 | D:6      | Found a staircase to the Ecumenical Temple.
  2253 | Temple   | Entered the Ecumenical Temple
  2290 | Temple   | XOM: scenery: summon butterflies
  2313 | Temple   | Fell from the grace of Xom
  2313 | Temple   | Became a worshipper of Uskayaw the Reveler
  2427 | D:9      | Noticed a hippogriff
  2438 | D:9      | Reached * piety under Uskayaw
  2442 | D:9      | Reached ** piety under Uskayaw
  2443 | D:9      | Reached *** piety under Uskayaw
  2445 | D:9      | Reached skill level 1 in Invocations
  2445 | D:9      | Killed a hippogriff
  2445 | D:9      | Reached skill level 12 in Axes
  2445 | D:9      | Reached skill level 2 in Invocations
  2445 | D:9      | Reached **** piety under Uskayaw
  2447 | D:9      | Noticed a hippogriff
  2454 | D:9      | Reached skill level 3 in Invocations
  2454 | D:9      | Reached ***** piety under Uskayaw
  2458 | D:9      | Gained mutation: You passively map the area around you.
                  | [Deep Dwarf growth]
  2458 | D:9      | Reached XP level 9. HP: 74/74 MP: 3/8
  2463 | D:9      | Reached ****** piety under Uskayaw
  2469 | D:9      | Reached skill level 4 in Invocations
  2511 | D:10     | Entered Level 10 of the Dungeon
  2530 | D:10     | XOM: confuse monster(s)
  2544 | D:10     | XOM: 1-stop teleportation journey
  2551 | D:10     | Reached skill level 5 in Invocations
  2552 | D:10     | Reached skill level 13 in Axes
  2661 | D:10     | Identified 3 scrolls of acquirement
  2662 | D:10     | Acquired the +1 pair of boots of Resourcefulness {Str+3}
  2663 | D:10     | Acquired the +2 pair of boots "Luifomn" {rN++ Str+3 Stlth-}
  2664 | D:10     | Acquired a manual of Armour
  2694 | D:10     | Reached skill level 6 in Invocations
  2725 | D:10     | Found a staircase to the Lair.
  2726 | D:10     | Noticed a komodo dragon
  2739 | D:10     | Killed a komodo dragon
  2739 | D:10     | Reached skill level 7 in Invocations
  2744 | Lair:1   | Entered Level 1 of the Lair of Beasts
  2747 | Lair:1   | XOM: 1-stop teleportation journey
  2758 | Lair:1   | Noticed a komodo dragon
  2781 | Lair:1   | Killed a komodo dragon
  2781 | Lair:1   | Reached skill level 14 in Axes
  2781 | Lair:1   | Reached skill level 1 in Evocations
  2781 | Lair:1   | Reached XP level 10. HP: 45/80 MP: 6/12
  2813 | Lair:1   | Found a frozen archway.
  2826 | Lair:1   | Reached skill level 4 in Armour
  2826 | Lair:1   | Reached skill level 2 in Evocations
  2836 | IceCv    | Entered an ice cave
  2860 | IceCv    | Reached skill level 5 in Armour
  2860 | IceCv    | Reached skill level 3 in Evocations
  2862 | IceCv    | Reached skill level 8 in Invocations
  2871 | IceCv    | Reached skill level 6 in Armour
  2871 | IceCv    | Reached skill level 4 in Evocations
  2875 | IceCv    | Noticed an ice statue
  2895 | IceCv    | Noticed an ice statue
  2922 | IceCv    | Killed an ice statue
  2949 | IceCv    | XOM: stat loss: -3 Str (23/26)
  3020 | IceCv    | Noticed a frost giant
  3026 | IceCv    | Reached skill level 5 in Evocations
  3026 | IceCv    | Reached skill level 7 in Armour
  3028 | IceCv    | Reached skill level 15 in Axes
  3034 | IceCv    | Killed a frost giant
  3034 | IceCv    | Reached skill level 9 in Invocations
  3034 | IceCv    | Reached XP level 11. HP: 59/88 MP: 4/14
  3074 | IceCv    | Reached skill level 8 in Armour
  3074 | IceCv    | Reached skill level 6 in Evocations
  3248 | Lair:1   | Your magical essence is drained by the effort!
  3283 | Lair:2   | Reached skill level 9 in Armour
  3284 | Lair:2   | Noticed a catoblepas
  3294 | Lair:2   | Killed a catoblepas
  3294 | Lair:2   | Reached skill level 10 in Invocations
  3329 | Lair:2   | Reached skill level 16 in Axes
  3330 | Lair:2   | Reached skill level 10 in Armour
  3339 | Lair:2   | Found a staircase to the Snake Pit.
  3370 | Snake:1  | Entered Level 1 of the Snake Pit
  3434 | Snake:1  | Reached skill level 11 in Invocations
  3454 | Snake:1  | Found Ylyczidgh's Jewellery Emporium.
  3455 | Snake:1  | Found Douffene's Gadget Shop.
  3455 | Snake:1  | Found Eshroesa's Gadget Shop.
  3467 | Snake:1  | Bought an uncursed amulet of faith for 520 gold pieces
  3497 | Snake:1  | Noticed a mana viper
  3505 | Snake:1  | Killed a mana viper
  3512 | Snake:1  | Your magical essence is drained by the effort!
  3523 | Snake:2  | Noticed an anaconda
  3538 | Snake:2  | Killed an anaconda
  3538 | Snake:2  | Reached skill level 3 in Fighting
  3538 | Snake:2  | Reached XP level 12. HP: 61/97 MP: 12/15
  3539 | Snake:2  | Noticed Vashnia
  3548 | Snake:2  | Your magical essence is drained by the effort!
  3549 | Snake:2  | Your magical essence is drained by the effort!
  3571 | Snake:2  | Killed Vashnia
  3571 | Snake:2  | Reached skill level 4 in Fighting
  3571 | Snake:2  | Reached skill level 11 in Armour
  3571 | Snake:2  | Reached skill level 4 in Shields
  3571 | Snake:2  | Reached skill level 12 in Invocations
  3572 | Snake:2  | Reached skill level 5 in Shields
  3585 | Snake:2  | Your magical essence is drained by the effort!
  3622 | Snake:2  | Reached skill level 5 in Fighting
  3622 | Snake:2  | Reached skill level 12 in Armour
  3622 | Snake:2  | Reached skill level 6 in Shields
  3650 | Snake:3  | Noticed a naga warrior
  3652 | Snake:3  | Noticed a nagaraja
  3668 | Snake:3  | Killed a nagaraja
  3668 | Snake:3  | Reached skill level 13 in Invocations
  3674 | Snake:3  | Killed a naga warrior
  3683 | Snake:3  | Reached XP level 13. HP: 68/111 MP: 1/14
  3686 | Snake:3  | Reached skill level 7 in Shields
  3692 | Snake:3  | XOM: repel stairs
  3720 | Snake:3  | Reached skill level 6 in Fighting
  3720 | Snake:3  | Reached skill level 13 in Armour
  3739 | Snake:4  | XOM: noise
  3739 | Snake:4  | Entered Level 4 of the Snake Pit
  3749 | Snake:4  | Noticed a nagaraja
  3761 | Snake:4  | Killed a nagaraja
  3761 | Snake:4  | Noticed a nagaraja
  3764 | Snake:4  | Reached skill level 8 in Shields
  3771 | Snake:4  | Reached skill level 14 in Invocations
  3773 | Snake:4  | Your magical essence is drained by the effort!
  3776 | Snake:4  | Noticed a nagaraja
  3776 | Snake:4  | Noticed a nagaraja
  3779 | Snake:4  | Noticed a nagaraja
  3780 | Snake:4  | Reached skill level 14 in Armour
  3783 | Snake:4  | Reached skill level 7 in Fighting
  3788 | Snake:4  | Your magical essence is drained by the effort!
  3792 | Snake:4  | Your magical essence is drained by the effort!
  3796 | Snake:4  | Your magical essence is drained by the effort!
  3797 | Snake:4  | Killed a nagaraja
  3797 | Snake:4  | Reached skill level 9 in Shields
  3798 | Snake:4  | Killed from afar by a nagaraja

Illustrated notes

Levels and vault maps discovered:
D:1:      sevenhm_arrival_forest_fort_large_4, layout_basic
D:2:      layout_loops_corners, nicolae_overflow_crystal_walls
D:3:      minmay_goblin_kobold_castle, layout_basic,
          lemuel_coloured_pillars_altar, tso_oasis_becter
D:4:      layout_basic, lemuel_crystal_altar, lemuel_round_altar, minivault_11
D:5:      layout_gridville, overflow_temple_1_default,
          yredelemnul_altar_generic, uniq_blork_the_orc
D:6:      layout_rooms, kennysheep_mini, temple_doors_e
D:7:      layout_loops_corners, grunt_qazlal_sundering,
          nicolae_ossuary_entry_false_entrances, led_sif_pool
D:8:      minmay_statue_hallways, layout_gridville, uniq_harold
D:9:      layout_loops_ring, ashenzari_conservatory_becter,
          ploomutoo_gammafunk_ghost_potion_laboratory
D:10:     layout_big_octagon, david_lair_shrubbed, serial_undead,
          serial_undead_f, serial_undead_b, serial_undead_d, serial_undead_e
Temple:   nicolae_temple_hex_pool
Lair:1:   layout_hall_layers, portal_ice_cave_demonic_guard, minivault_27,
          grunt_megastairs_1
Lair:2:   layout_cave_pods, minmay_shoals_entry_beasts,
          guppyfry_snake_entry_garden, nicolae_quartered_pool_little
Snake:1:  layout_onion_interference, serial_shops, shop, nicolae_snake_shapes,
          minmay_shop_grove, uniq_jorgrun
Snake:2:  skrybe_snakes_to_sticks, layout_rooms, uniq_vashnia
Snake:3:  layout_cave_town, serial_bayou_shore_b, grunt_megastairs_2
Snake:4:  minmay_snake_end_coiled, layout_cave_town, grunt_ministairs_13,
          serial_bayou_shore_b

Skill      XL: |  1  2  3  4  5  6  7  8  9 10 11 12 13 |
---------------+----------------------------------------+-----
Axes           | 3 4 6 7 8 10 12 14 15 16 | 16.0
Invocations    | 3 7 9 11 13 14 | 14.4
Evocations     | 1 5 6 |  6.0
Armour         | 7 10 12 14 | 14.0
Fighting       | 3 5 7 |  7.5
Shields        | 6 9 |  9.0

Action                   |  1- 3 |  4- 6 |  7- 9 | 10-12 | 13-15 || total
-------------------------+-------+-------+-------+-------+-------++-------
Melee: War axe           |    59 |    88 |   326 |   284 |    69 ||   826
Invok: Stomp             |       |       |     5 |    25 |     2 ||    32
       Line Pass         |       |       |     2 |       |       ||     2
 Abil: Heal Wounds       |       |     6 |    10 |    27 |    14 ||    57
Evoke: Lightning rod     |       |       |       |     8 |       ||     8
       Wand              |       |       |       |     9 |     1 ||    10
  Use: Scroll            |       |     6 |    17 |     1 |     1 ||    25
       Potion            |       |       |       |     3 |     2 ||     5
 Stab: Paralysed         |       |       |    17 |    22 |    23 ||    62
       Confused          |       |       |     3 |       |       ||     3
       Sleeping          |       |       |     1 |       |       ||     1
Armor: Scale mail        |    33 |    28 |       |       |       ||    61
       Plate armour      |       |    57 |   258 |   223 |   123 ||   661
Dodge: Dodged            |    19 |    30 |    63 |    66 |    29 ||   207
Block: Kite shield       |    34 |    71 |   216 |   208 |   103 ||   632

Table legend: (Time is in decaauts)
 A = Elapsed time spent in this place.
 B = Non-inter-level travel time spent in this place.
 C = Inter-level travel time spent in this place.
 D = Time resting spent in this place.
 E = Time spent auto-exploring this place.
 F = Levels seen in this place.
 G = Mean time per level.
                   A        B        C        D        E       F      G
               +--------+--------+--------+--------+--------+-----+--------+
         Total |   3921 |   3846 |     75 |      0 |      0 |  19 |  206.4 |
       Dungeon |   2639 |   2564 |     75 |      0 |      0 |  10 |  263.9 |
        Temple |     69 |     69 |      0 |      0 |      0 |   1 |   69.0 |
          Lair |    254 |    254 |      0 |      0 |      0 |   2 |  127.0 |
     Snake Pit |    403 |    403 |      0 |      0 |      0 |   4 |  100.8 |
       Ossuary |    182 |    182 |      0 |      0 |      0 |   1 |  182.0 |
      Ice Cave |    371 |    371 |      0 |      0 |      0 |   1 |  371.0 |
               +--------+--------+--------+--------+--------+-----+--------+

Top non-repeatable levels by time:
     D:7: 635 daAuts
     D:4: 564 daAuts
     D:6: 419 daAuts
   IceCv: 371 daAuts
     D:5: 325 daAuts
    D:10: 245 daAuts
     D:1: 201 daAuts
 Ossuary: 182 daAuts
  Lair:1: 157 daAuts
 Snake:1: 149 daAuts
 Snake:2: 127 daAuts
  Lair:2: 97 daAuts
     D:9: 87 daAuts
 Snake:3: 82 daAuts
     D:8: 82 daAuts
